AoeStats
← CDS95

Arena

508963048Analyzed
2v2 RM · 6d ago on Sep 24, 2026· 98m 45s· 4 players
Game mode
Random Map
Map size
Medium (4 player)
Population
200
Speed
Normal
Resources
Standard
Victory
Conquest
Starting age
Dark Age
Ending age
Imperial Age
RankedLock teamsTeams togetherTeam positionsShared explorationLock speedFull tech treeHidden civsTurbo modeCheats
Victory
Defeat
🇵🇱 Danes · Poland
1012
+16
🇹🇷 Vietnamese · Türkiye
991
+17
🇪🇸 Bohemians · Spain
1021
-16
🇪🇸 Turks · Spain
1018
-17
DALKILIC
0:28 Loom
12:18 Feudal Age
18:04 Castle Age
20:43 Double-Bit Axe
20:46 Horse Collar
22:50 Fletching
23:48 Heavy Plow
25:14 Padded Archer Armor
31:46 Imperial Age
30:08 Bodkin Arrow
30:28 Leather Archer Armor
32:02 Wheelbarrow
31:40 Forging
31:32 Scale Mail Armor
30:59 Elite Skirmisher
31:14 Pikeman
31:54 Squires
32:54 Bow Saw
32:30 Imperial Skirmisher
34:25 Chemistry
34:51 Ring Archer Armor
35:29 Bracer
36:00 Hand Cart
36:35 Caravan
37:43 Iron Casting
37:41 Ballistics
38:55 Chain Mail Armor
38:45 Scale Barding Armor
40:42 Chain Barding Armor
40:52 Plate Mail Armor
42:54 Cavalier
43:34 Husbandry
43:47 Bloodlines
44:13 Paper Money
44:08 Chatras
45:19 Elite Battle Elephant
48:18 Light Cavalry
56:59 Squires
60:43 Bombard Tower
60:34 Fortified Wall
60:20 Murder Holes
77:07 Capped Ram
86:37 Two-Man Saw
86:57 Halberdier
DonBuzzito
7:09 Loom
9:09 Feudal Age
9:54 Double-Bit Axe
14:18 Town Watch
17:02 Castle Age
18:39 Bow Saw
22:17 Fletching
25:10 Bodkin Arrow
25:40 Ballistics
28:01 Padded Archer Armor
28:13 Murder Holes
30:57 Wheelbarrow
30:23 Town Patrol
30:56 Thumb Ring
31:48 Leather Archer Armor
33:28 Hand Cart
35:48 Imperial Age
35:05 Hand Cart
35:29 Scale Mail Armor
37:00 Conscription
37:56 Heavy Mounted Crossbowman
37:58 Cranequins
39:10 Bracer
39:41 Ring Archer Armor
44:23 Elite Varangian Guard
45:04 Squires
44:51 Gambesons
46:32 Chain Mail Armor
46:59 Arson
50:17 Forging
58:36 Plate Mail Armor
58:43 Iron Casting
78:28 Husbandry
79:13 Bloodlines
79:11 Light Cavalry
80:36 Scale Barding Armor
82:24 Chain Barding Armor
82:51 Pikeman
83:44 Halberdier
86:39 Plate Mail Armor
88:02 Iron Casting
94:21 Horse Collar
CDS95
12:36 Feudal Age
13:56 Double-Bit Axe
16:42 Castle Age
14:24 Horse Collar
15:50 Loom
18:08 Bow Saw
18:00 Heavy Plow
20:16 Gold Mining
22:27 Wheelbarrow
26:04 Imperial Age
27:07 Bombard Tower
27:10 Artillery
27:11 Stone Mining
28:18 Hand Cart
32:55 Padded Archer Armor
33:10 Town Watch
34:17 Conscription
35:15 Leather Archer Armor
43:05 Bloodlines
42:56 Husbandry
46:58 Ring Archer Armor
49:36 Conscription
58:44 Murder Holes
59:01 Fortified Wall
60:33 Two-Man Saw
60:33 Forging
60:30 Scale Barding Armor
72:21 Chain Barding Armor
72:37 Iron Casting
76:58 Blast Furnace
76:40 Plate Barding Armor
76:06 Scale Mail Armor
Pat
12:14 Feudal Age
14:34 Double-Bit Axe
14:35 Horse Collar
17:39 Castle Age
17:45 Loom
25:41 Imperial Age
27:06 Chemistry
29:29 Wheelbarrow
31:33 Pikeman
35:27 Squires
38:01 Houfnice
42:43 Ballistics
41:51 Elite Skirmisher
43:06 Conscription
42:54 Wagenburg Tactics
44:22 Bow Saw
57:25 Siege Engineers
65:55 Hand Cart
84:50 Hand Cart
90:26 Forging
90:17 Scale Mail Armor
92:41 Heavy Plow
Connection lost

Rejoining the realm…

Still unreachable

The connection could not be restored.

Session expired

The server has moved on; the page needs a fresh start.